[Event "Titled Tuesday Blitz December 13 Early 2022"]
[White "Perera Alfonso, Rene Humberto"]
[Black "De Souza, Cristiano Gomes"]
[WhiteFideId "3514722"]
[BlackFideId "2151758"]
[WhiteElo "2313"]
[BlackElo "2068"]
[Result "1-0"]
[Round "01"]
[TimeControl "180+1"]
[Date "2022.12.14"]
[WhiteClock "0:02:47"]
[BlackClock "0:02:11"]

1. e4 c5 2. Nf3 d6 3. d4 cxd4 4. Nxd4 Nf6 5. Nc3 a6 6. Be3 e5 7. Nb3 Be6 8. h3 Be7 9. Qf3 O-O 10. O-O-O Nbd7 11. g4 b5 12. g5 Ne8 13. h4 Nc7 14. Kb1 b4 15. Nd5 Bxd5 16. exd5 a5 17. Bd3 a4 18. Nd2 Nb5 19. h5 Rb8 20. Qf5 g6 21. hxg6 fxg6 22. Qe6+ Kg7 23. Rxh7+ Kxh7 24. Qxg6+ 1-0


[Site "https://www.chess.com"]

[Event "Titled Tuesday Blitz December 13 Early 2022"]
[White "Petrova, Irina"]
[Black "Kalashian, David"]
[WhiteFideId "14124122"]
[BlackFideId "13302418"]
[WhiteElo "2023"]
[BlackElo "2490"]
[Result "0-1"]
[Round "01"]
[TimeControl "180+1"]
[Date "2022.12.14"]
[WhiteClock "0:00:04"]
[BlackClock "0:01:15"]

1. e4 c6 2. d4 g6 3. Nc3 Bg7 4. f4 d5 5. e5 h5 6. Nf3 Nh6 7. Be3 Bg4 8. Be2 Nf5 9. Bf2 Bxf3 10. Bxf3 e6 11. O-O Nd7 12. Ne2 h4 13. b3 Bf8 14. c4 Be7 15. Nc3 Kf8 16. Rc1 Kg7 17. Qe2 Qa5 18. cxd5 cxd5 19. Qb5 Bb4 20. Qxd7 Bxc3 21. Kh1 Bxd4 22. Rc7 Raf8 23. Bxd4 Nxd4 24. Bg4 Qb5 25. Qxb5 Nxb5 26. Rxb7 Rb8 27. Rxb8 Rxb8 28. Rc1 d4 29. Kg1 Nc3 30. Rc2 Nd5 31. Kf2 Ne3 32. Rc7 Nxg4+ 33. Ke2 a5 34. Kd3 Rd8 35. Rc4 Nf2+ 36. Ke2 d3+ 37. Kd2 h3 38. gxh3 Nxh3 39. Rc3 Nxf4 40. a3 Rh8 0-1


[Site "https://www.chess.com"]

[Event "Titled Tuesday Blitz December 13 Early 2022"]
[White "Pichot, Alan"]
[Black "Hirneise, Jens"]
[WhiteFideId "110973"]
[BlackFideId "24614734"]
[WhiteElo "2561"]
[BlackElo "2345"]
[Result "1-0"]
[Round "01"]
[TimeControl "180+1"]
[Date "2022.12.14"]
[WhiteClock "0:00:55"]
[BlackClock "0:00:37"]

1. Nf3 c6 2. d4 d5 3. Bf4 Nf6 4. e3 g6 5. h3 Bg7 6. Nbd2 O-O 7. Bh2 Nbd7 8. c3 Ne4 9. Nxe4 dxe4 10. Nd2 f5 11. Nc4 b5 12. Nd2 e5 13. Be2 Qe7 14. a4 bxa4 15. Qxa4 c5 16. d5 Nb6 17. Qb3 Qd6 18. c4 Bd7 19. O-O Rfb8 20. Qc2 Nc8 21. Qc3 Qb6 22. b3 Qb4 23. Qxb4 Rxb4 24. Ra5 f4 25. Nxe4 Rxb3 26. Nxc5 Rb2 27. Bd3 Be8 28. exf4 exf4 29. Bxf4 Nb6 30. Ne6 Bc3 31. Rc5 Nd7 32. Rc7 Ba5 33. Rc6 Nb6 34. Rc5 Bb4 35. Rc7 a5 36. Rg7+ Kh8 37. Be5 1-0


[Site "https://www.chess.com"]

[Event "Titled Tuesday Blitz December 13 Early 2022"]
[White "Postnikov, Daniil"]
[Black "Szyszylo, Rafal"]
[WhiteFideId "4166329"]
[BlackFideId "1109626"]
[WhiteElo "2261"]
[BlackElo "1981"]
[Result "1-0"]
[Round "01"]
[TimeControl "180+1"]
[Date "2022.12.14"]
[WhiteClock "0:02:22"]
[BlackClock "0:02:12"]

1. e4 d6 2. d4 Nf6 3. Nc3 g6 4. Nf3 Bg7 5. Be3 c6 6. Qd2 b5 7. Bd3 a6 8. a4 Bb7 9. Ne2 O-O 10. Ng3 Nbd7 11. Bh6 e5 12. c3 Qe7 13. Nf5 gxf5 14. Qg5 Ne8 15. Qxe7 Bxh6 16. Qxd7 Rb8 17. dxe5 fxe4 18. Bxe4 d5 19. Bd3 Ng7 20. Qh3 Bf4 21. Qxh7# 1-0


[Site "https://www.chess.com"]

[Event "Titled Tuesday Blitz December 13 Early 2022"]
[White "Pranesh M"]
[Black "Derraugh, Geordie"]
[WhiteFideId "35028600"]
[BlackFideId "2603950"]
[WhiteElo "2403"]
[BlackElo "2082"]
[Result "1-0"]
[Round "01"]
[TimeControl "180+1"]
[Date "2022.12.13"]
[WhiteClock "0:00:06"]
[BlackClock "0:00:01"]

1. e4 e6 2. d4 d5 3. Nd2 h6 4. Ngf3 Nf6 5. e5 Nfd7 6. c3 c5 7. Bd3 Nc6 8. O-O g5 9. dxc5 Bxc5 10. Nb3 Bb6 11. Qe2 Bc7 12. Bc2 Qe7 13. Nfd4 Ncxe5 14. f4 Nc6 15. Nb5 Bb8 16. Kh1 a6 17. N5d4 Bc7 18. Be3 Rg8 19. Rae1 g4 20. Qd2 Nf6 21. Nf5 Qd8 22. Nxh6 Rh8 23. f5 e5 24. Bg5 Qd6 25. Nd4 Bd7 26. Bxf6 Qxf6 27. Nxg4 Qh4 28. Qd1 O-O-O 29. Nxc6 Bxc6 30. h3 Rdg8 31. Kg1 d4 32. Be4 dxc3 33. bxc3 Bb6+ 34. Rf2 1-0


[Site "https://www.chess.com"]

[Event "Titled Tuesday Blitz December 13 Early 2022"]
[White "Przybylski, Wojciech"]
[Black "Koellner, Ruben Gideon"]
[WhiteFideId "1117599"]
[BlackFideId "12993093"]
[WhiteElo "2217"]
[BlackElo "2303"]
[Result "1-0"]
[Round "01"]
[TimeControl "180+1"]
[Date "2022.12.14"]
[WhiteClock "0:00:07"]
[BlackClock "0:00:06"]

1. e4 d6 2. d4 Nf6 3. Nc3 e5 4. Nf3 Nbd7 5. a4 c6 6. a5 Be7 7. g4 h6 8. Rg1 exd4 9. Nxd4 Ne5 10. Nf5 Bxf5 11. gxf5 g5 12. f4 gxf4 13. Bxf4 Qc7 14. Qe2 O-O-O 15. a6 b5 16. Rg3 Rhg8 17. Bg2 Rxg3 18. hxg3 h5 19. Nd1 Nfg4 20. Ne3 Qb6 21. O-O-O Qxa6 22. Kb1 Qb6 23. Rh1 Nf6 24. Bg5 Rg8 25. Bh4 Kd7 26. Rd1 Ke8 27. Qd2 Qc5 28. Re1 Nfg4 29. Nxg4 Rxg4 30. f6 Bf8 31. Qe2 Qc4 32. Qe3 Qc5 33. Qb3 Nc4 34. Qc3 Qf2 35. Bh3 Rg6 36. Rd1 Kd8 37. Bf5 Kc7 38. Bxg6 fxg6 39. e5 Nxe5 40. f7 Qxf7 41. Qa3 Kb7 42. Bd8 Qd7 43. Bf6 Be7 44. Bxe5 Qe6 45. Bxd6 Bxd6 46. Qxd6 Qg4 47. Qe7+ Kb6 48. Qd8+ Kb7 49. Rd7+ Ka6 50. Qc8+ Kb6 51. Qc7+ Kc5 52. Qxa7+ Kc4 53. b3+ Kc3 54. Qa1+ Kb4 55. Rd4+ Kc5 56. Rxg4 hxg4 57. Qe5+ 1-0


[Site "https://www.chess.com"]

[Event "Titled Tuesday Blitz December 13 Early 2022"]
[White "Putri, Regita Desyari"]
[Black "Mendez Fortes, Eduardo Jesus"]
[WhiteFideId "7109083"]
[BlackFideId "3502376"]
[WhiteElo "1930"]
[BlackElo "2307"]
[Result "0-1"]
[Round "01"]
[TimeControl "180+1"]
[Date "2022.12.14"]
[WhiteClock "0:00:01"]
[BlackClock "0:01:06"]

1. d4 Nf6 2. c4 e6 3. Nf3 d5 4. Nc3 Bb4 5. Bg5 dxc4 6. e4 c5 7. Bxc4 Qa5 8. O-O cxd4 9. Qxd4 Nc6 10. Qe3 Ng4 11. Qc1 Nge5 12. Nxe5 Nxe5 13. Bb5+ Kf8 14. Rd1 f6 15. Be3 Kf7 16. Be2 Bxc3 17. Qxc3 Qxc3 18. bxc3 Nc6 19. Rd6 e5 20. Rad1 Be6 21. R1d2 Rac8 22. f3 a6 23. c4 Rhd8 24. Rxd8 Rxd8 25. Rxd8 Nxd8 26. a4 Nc6 27. Bb6 Ke7 28. Kf2 Kd6 29. c5+ Kd7 30. Ke3 Bb3 31. a5 Ba4 32. Bc4 Bb5 33. Bg8 h6 34. Bd5 Ba4 35. g3 Bb5 36. f4 Bf1 37. fxe5 fxe5 38. Kf3 Bh3 39. g4 Bf1 40. h4 Bd3 41. g5 hxg5 42. hxg5 Bc2 43. Kg4 g6 44. Bf7 Ne7 45. Kf3 Bd1+ 46. Ke3 Bg4 47. Bd5 Be6 48. Bxb7 Bc4 49. Kf3 Ke6 50. Ke3 Kd7 51. Kd2 Bb5 52. Bd5 Bc6 53. Bc4 Bxe4 54. Ke3 Bb7 55. Bd3 Ke6 56. Bc2 Nd5+ 0-1


[Site "https://www.chess.com"]

[Event "Titled Tuesday Blitz December 13 Early 2022"]
[White "Qashashvili, Alexandre"]
[Black "Odegov, Artem"]
[WhiteFideId "13600842"]
[BlackFideId "34183644"]
[WhiteElo "2405"]
[BlackElo "2300"]
[Result "0-1"]
[Round "01"]
[TimeControl "180+1"]
[Date "2022.12.14"]
[WhiteClock "0:00:02"]
[BlackClock "0:01:22"]

1. e4 e6 2. Nf3 d5 3. Nc3 d4 4. Ne2 c5 5. d3 Nc6 6. Bg5 Be7 7. Bxe7 Ngxe7 8. g3 O-O 9. Bg2 e5 10. O-O Qd6 11. Nh4 f5 12. Nxf5 Nxf5 13. exf5 Bxf5 14. f4 Rae8 15. fxe5 Nxe5 16. Nf4 Ng4 17. Qd2 Ne3 18. Rf2 g5 19. Nh3 Bxh3 20. Bxh3 Rxf2 21. Qxf2 Rf8 22. Qe2 Qf6 23. Bg2 b6 24. Re1 Kg7 25. Be4 h6 26. c4 Rf7 27. b3 Rf8 28. Bd5 h5 29. Be4 Rf7 30. Bd5 Rf8 31. Be4 Kh6 32. Bb7 h4 33. Be4 h3 34. g4 Qf4 35. Bd5 Rf6 36. Be4 Nxg4 37. Bd5 Ne3 38. Be4 g4 39. Bd5 g3 40. hxg3 Qxg3+ 41. Kh1 Rf2 42. Qxf2 Qxf2 43. Rxe3 dxe3 0-1


[Site "https://www.chess.com"]

[Event "Titled Tuesday Blitz December 13 Early 2022"]
[White "Raahul V S"]
[Black "Abasov, Nijat"]
[WhiteFideId "25035525"]
[BlackFideId "13402960"]
[WhiteElo "2202"]
[BlackElo "2546"]
[Result "0-1"]
[Round "01"]
[TimeControl "180+1"]
[Date "2022.12.13"]
[WhiteClock "0:00:04"]
[BlackClock "0:01:36"]

1. c4 c5 2. Nf3 Nc6 3. Nc3 Nf6 4. d4 cxd4 5. Nxd4 e6 6. a3 Bc5 7. Nb3 Bb6 8. c5 Bc7 9. g3 O-O 10. Bg2 b6 11. O-O Be5 12. Nb5 Ba6 13. N5d4 Nxd4 14. Nxd4 Rc8 15. cxb6 Qxb6 16. Nf3 Bxb2 17. Bxb2 Qxb2 18. Re1 d5 19. Qa4 Bxe2 20. Rab1 Qa2 21. Nd4 Bd3 22. Rb3 Be4 23. f3 Bc2 24. Nxc2 Rxc2 25. Bf1 Rxh2 26. Rb7 Qf2# 0-1


[Site "https://www.chess.com"]

[Event "Titled Tuesday Blitz December 13 Early 2022"]
[White "Rakhmatullaev, Almas"]
[Black "Martin Duque, Jesus"]
[WhiteFideId "14205793"]
[BlackFideId "2208954"]
[WhiteElo "2221"]
[BlackElo "2297"]
[Result "1-0"]
[Round "01"]
[TimeControl "180+1"]
[Date "2022.12.14"]
[WhiteClock "0:00:08"]
[BlackClock "0:00:50"]

1. e4 c5 2. c3 b6 3. d4 Bb7 4. Bd3 Nf6 5. Qe2 cxd4 6. cxd4 Nc6 7. Be3 Nb4 8. f3 g6 9. Nc3 Nxd3+ 10. Qxd3 Bg7 11. Nge2 O-O 12. O-O d6 13. Rac1 e5 14. Rfd1 exd4 15. Bxd4 Re8 16. Bxf6 Qxf6 17. Qxd6 Qh4 18. Qg3 Qh6 19. Qf2 Rad8 20. g3 f5 21. exf5 gxf5 22. Rxd8 Rxd8 23. Rd1 Rxd1+ 24. Nxd1 Qd2 25. Ne3 Ba6 26. Nf4 Qc1+ 27. Kg2 Bd4 28. Nfd5 Bc4 29. Ne7+ Kf8 30. N7xf5 Bc5 31. b4 Bxe3 32. Nxe3 b5 33. f4 Bd3 34. f5 Be4+ 35. Kh3 h5 36. Qf4 Qb1 37. f6 Kf7 38. Qe5 Kg6 39. Kh4 Bf3 40. Qg5+ Kf7 41. Qg7+ Ke6 42. Qe7# 1-0


[Site "https://www.chess.com"]

[Event "Titled Tuesday Blitz December 13 Early 2022"]
[White "Remizov, Yaroslav"]
[Black "Shuvalov, Evgenij"]
[WhiteFideId "34134015"]
[BlackFideId "4187237"]
[WhiteElo "2415"]
[BlackElo "2049"]
[Result "1-0"]
[Round "01"]
[TimeControl "180+1"]
[Date "2022.12.13"]
[WhiteClock "0:00:13"]
[BlackClock "0:00:13"]

1. Nf3 Nf6 2. c4 c6 3. e3 d5 4. d4 Bf5 5. Qb3 Qc7 6. cxd5 cxd5 7. Nc3 a6 8. Nxd5 Nxd5 9. Qxd5 e6 10. Qb3 Nc6 11. Bd3 Bb4+ 12. Bd2 Bxd2+ 13. Kxd2 Na5 14. Qc3 Qb6 15. Bxf5 exf5 16. Ne5 Rd8 17. Rhc1 O-O 18. b4 Qd6 19. Qc5 Nc6 20. Qxd6 Rxd6 21. Nxc6 bxc6 22. Rc5 g6 23. Rac1 Rb8 24. a3 Rb6 25. Kd3 Kf8 26. f3 Ke7 27. Ra5 Kd7 28. h4 h5 29. Rac5 Rb5 30. e4 fxe4+ 31. fxe4 Rf6 32. Ke3 Rxc5 33. bxc5 Kc7 34. Rb1 g5 35. hxg5 Rg6 36. Rf1 Rxg5 37. Rxf7+ Kb8 38. Kf3 Rg4 39. Rh7 Rh4 40. d5 cxd5 41. exd5 Rc4 42. c6 h4 43. d6 Rxc6 44. Rh8+ Kb7 45. d7 Rc3+ 46. Kg4 Rd3 47. d8=Q Rxd8 48. Rxd8 Kc7 49. Rd3 h3 50. Kxh3 Kc6 51. g4 Kc5 52. g5 Kc4 53. Rf3 1-0


[Site "https://www.chess.com"]

[Event "Titled Tuesday Blitz December 13 Early 2022"]
[White "Ronka, Erik"]
[Black "Xu, Yi"]
[WhiteFideId "505080"]
[BlackFideId "8605564"]
[WhiteElo "2264"]
[BlackElo "2471"]
[Result "0-1"]
[Round "01"]
[TimeControl "180+1"]
[Date "2022.12.14"]
[WhiteClock "0:00:01"]
[BlackClock "0:00:20"]

1. e4 c5 2. Nf3 d6 3. d4 cxd4 4. Nxd4 Nf6 5. Nc3 a6 6. Be3 e5 7. Nb3 Be6 8. f3 h5 9. Nd5 Bxd5 10. exd5 Nbd7 11. Be2 g6 12. Qd2 Bg7 13. O-O-O Nb6 14. Kb1 Nbxd5 15. Bg5 Qc7 16. c4 Nf4 17. Bxf4 exf4 18. Qxf4 Rd8 19. Bd3 O-O 20. g4 b5 21. cxb5 axb5 22. Bxb5 Qb7 23. a4 hxg4 24. fxg4 Qg2 25. Rhg1 Qb7 26. h4 Nd5 27. Qd2 Nc7 28. Qb4 Nxb5 29. axb5 Ra8 30. Rxd6 Qa7 31. Rc1 Qa2+ 32. Kc2 Bxb2 33. Kd1 Ba3 34. Qd2 Bxd6 0-1


[Site "https://www.chess.com"]

[Event "Titled Tuesday Blitz December 13 Early 2022"]
[White "Roque Sola, Gisela"]
[Black "Javakhishvili, Lela"]
[WhiteFideId "5120241"]
[BlackFideId "13601458"]
[WhiteElo "1961"]
[BlackElo "2364"]
[Result "1-0"]
[Round "01"]
[TimeControl "180+1"]
[Date "2022.12.14"]
[WhiteClock "0:00:03"]
[BlackClock "0:00:01"]

1. e4 c5 2. Nf3 e6 3. d4 cxd4 4. Nxd4 a6 5. Nc3 b5 6. Be3 Bb7 7. Bd3 Nf6 8. f3 Be7 9. O-O O-O 10. Qd2 Qc7 11. a3 d6 12. Qf2 Nbd7 13. Nde2 Ne5 14. Rad1 Nc4 15. Bxc4 Qxc4 16. Rd4 Qc7 17. Rfd1 Rac8 18. Qg3 Rfd8 19. Bh6 Bf8 20. Bg5 Kh8 21. Qh4 Be7 22. Kh1 Bc6 23. Ng3 Rd7 24. Nce2 Kg8 25. c3 a5 26. Nh5 Nxh5 27. Bxe7 Rxe7 28. Qxh5 Rd7 29. Ng3 Qd8 30. Qg4 Qe7 31. f4 Rcd8 32. f5 e5 33. R4d2 f6 34. Nh5 Kh8 35. h3 d5 36. exd5 Rxd5 37. Rxd5 Rxd5 38. Rxd5 Bxd5 39. Ng3 e4 40. Qe2 Bc6 41. Qe3 Qe5 42. Qb6 Be8 43. Qd8 h6 44. Kg1 e3 45. Ne2 Kh7 46. Kf1 a4 47. g4 Bc6 48. Qd3 Qe7 49. Ke1 Ba8 50. Nf4 Qb7 51. Ke2 Qh1 52. Kxe3 Qh2 53. Kd4 Qxf4+ 54. Kc5 Qb8 55. Qxb5 Qe5+ 56. Kb4 Qf4+ 57. Ka5 Be4 58. Qxa4 Qe5+ 59. Qb5 Qc7+ 60. Qb6 Qe5+ 61. Ka4 Bg2 62. b4 1-0


[Site "https://www.chess.com"]

[Event "Titled Tuesday Blitz December 13 Early 2022"]
[White "Roque Sola, Jose Luis"]
[Black "Yedidia, Daniel"]
[WhiteFideId "5120390"]
[BlackFideId "30905907"]
[WhiteElo "2117"]
[BlackElo "2554"]
[Result "0-1"]
[Round "01"]
[TimeControl "180+1"]
[Date "2022.12.14"]
[WhiteClock "0:00:13"]
[BlackClock "0:00:34"]

1. c4 e5 2. Nc3 Nf6 3. Nf3 Nc6 4. g3 Bb4 5. d3 e4 6. dxe4 Nxe4 7. Qc2 Nxc3 8. bxc3 Be7 9. Bg2 O-O 10. O-O d6 11. Rb1 g6 12. Nd4 Na5 13. Bh6 Re8 14. Qa4 c6 15. Rfd1 a6 16. Nb3 Nxb3 17. Qxb3 Bf6 18. Be3 Qa5 19. Rxd6 Bf5 20. Rbd1 Be5 21. Bb6 Qxc3 22. Rd8 Qxb3 23. axb3 Bc2 24. Rxe8+ Rxe8 25. Rd8 Rxd8 26. Bxd8 Bxb3 27. c5 Bc3 28. e4 a5 29. f4 a4 30. e5 a3 0-1


[Site "https://www.chess.com"]

[Event "Titled Tuesday Blitz December 13 Early 2022"]
[White "Royal, Shreyas"]
[Black "Dubov, Daniil"]
[WhiteFideId "448869"]
[BlackFideId "24126055"]
[WhiteElo "2331"]
[BlackElo "2792"]
[Result "0-1"]
[Round "01"]
[TimeControl "180+1"]
[Date "2022.12.13"]
[WhiteClock "0:01:55"]
[BlackClock "0:02:37"]

1. d4 d5 2. c4 e6 3. Nc3 Bb4 4. e3 Nf6 5. Qa4+ Nc6 6. Nf3 O-O 7. Bd2 Bd6 8. c5 Be7 9. b4 Ne4 10. b5 Nxd2 11. Nxd2 Nb8 12. Bd3 e5 13. Qb3 c6 14. a4 Bf6 15. Qb4 exd4 16. exd4 Re8+ 17. Kd1 a5 18. bxa6 Nxa6 19. Bxa6 Rxa6 20. Kc2 Bf5+ 21. Kb2 b6 22. Nb3 bxc5 23. dxc5 Re2+ 24. Ka3 Rxf2 25. Raf1 Bxc3 26. Qxc3 Rxa4+ 27. Kxa4 Ra2+ 28. Kb4 Qb8# 0-1


[Site "https://www.chess.com"]

[Event "Titled Tuesday Blitz December 13 Early 2022"]
[White "Sailer, Mike"]
[Black "Walentukiewicz, Michal"]
[WhiteFideId "2012901"]
[BlackFideId "1126903"]
[WhiteElo "2109"]
[BlackElo "2028"]
[Result "0-1"]
[Round "01"]
[TimeControl "180+1"]
[Date "2022.12.14"]
[WhiteClock "0:00:01"]
[BlackClock "0:01:40"]

1. Nf3 Nf6 2. c4 c5 3. g3 g6 4. Bg2 Bg7 5. O-O O-O 6. Nc3 Nc6 7. d4 cxd4 8. Nxd4 Nxd4 9. Qxd4 d6 10. Bg5 Be6 11. Qh4 Qc7 12. b3 Rfc8 13. Rac1 a6 14. Rfd1 Rab8 15. a4 h5 16. e4 Qa5 17. Nd5 Bxd5 18. exd5 b5 19. axb5 axb5 20. Ra1 Qc7 21. Rac1 bxc4 22. bxc4 Rb4 23. Bf1 Qb7 24. Bd2 Ra4 25. Bc3 Ng4 26. Bxg7 Kxg7 27. Re1 Ne5 28. Qd4 Kg8 29. Rxe5 dxe5 30. Qxe5 Qc7 31. Qxc7 Rxc7 32. c5 Rd4 33. Bg2 Kg7 34. c6 Kf6 35. Re1 Rd2 36. h4 Ra7 37. Rb1 Raa2 38. Rf1 Rac2 39. Be4 Rc4 40. Bf3 Rc3 41. Kg2 Ke5 42. Re1+ Kd6 43. Ra1 Rcc2 44. Rf1 e5 45. dxe6 fxe6 46. Kg1 Rc4 47. Bg2 e5 48. Bf3 e4 49. Bg2 Ke5 50. Re1 Rdd4 51. f3 Rxc6 52. Rxe4+ Rxe4 53. fxe4 Rc3 54. Kf2 Ra3 55. Ke2 Kd4 0-1


[Site "https://www.chess.com"]

[Event "Titled Tuesday Blitz December 13 Early 2022"]
[White "Salinas Herrera, Pablo"]
[Black "Bettalli, Francesco"]
[WhiteFideId "3407128"]
[BlackFideId "2816453"]
[WhiteElo "2557"]
[BlackElo "2216"]
[Result "1-0"]
[Round "01"]
[TimeControl "180+1"]
[Date "2022.12.14"]
[WhiteClock "0:00:18"]
[BlackClock "0:00:08"]

1. e4 e5 2. Nf3 Nf6 3. Nxe5 Nxe4 4. d3 Nf6 5. d4 d6 6. Nf3 Be7 7. Bd3 O-O 8. O-O Bg4 9. Re1 Nc6 10. c3 Qd7 11. Bf4 Rae8 12. Nbd2 d5 13. Qc2 Bh5 14. Ne5 Nxe5 15. dxe5 Ne4 16. Nxe4 dxe4 17. Bxe4 Bg6 18. Bxg6 fxg6 19. Be3 Qe6 20. Qb3 Bh4 21. g3 Bd8 22. f4 g5 23. Rad1 gxf4 24. gxf4 Kh8 25. Qxe6 Rxe6 26. Rd7 Bh4 27. Red1 Rg6+ 28. Kh1 Rc6 29. f5 h6 30. e6 Rxf5 31. e7 Bxe7 32. Rxe7 Rb5 33. Rd8+ Kh7 34. Bd4 Rg6 35. Rdd7 Rbg5 36. Rxc7 h5 37. Rxb7 h4 38. Rxa7 h3 39. Rxg7+ Rxg7 40. Rxg7+ Rxg7 41. Bxg7 Kxg7 42. Kg1 1-0


[Site "https://www.chess.com"]

[Event "Titled Tuesday Blitz December 13 Early 2022"]
[White "Salman, Pavel"]
[Black "Xiong, Jeffery"]
[WhiteFideId "24153753"]
[BlackFideId "2047640"]
[WhiteElo "2187"]
[BlackElo "2726"]
[Result "0-1"]
[Round "01"]
[TimeControl "180+1"]
[Date "2022.12.13"]
[WhiteClock "0:00:10"]
[BlackClock "0:02:09"]

1. Nf3 c5 2. g3 Nc6 3. Bg2 g6 4. O-O Bg7 5. c3 e5 6. e4 Nge7 7. Na3 d6 8. Nc4 O-O 9. a4 Be6 10. Qe2 h6 11. d3 f5 12. Bd2 f4 13. Rad1 g5 14. h3 Qd7 15. Kh2 Ng6 16. Bc1 g4 17. hxg4 Bxg4 18. Qc2 Rf7 19. Ncd2 Raf8 20. Rde1 h5 21. Ng5 f3 22. Ndxf3 Rxf3 23. Bxf3 Bxf3 24. Nxf3 Rxf3 25. Kg2 Qg4 26. Rh1 Nf4+ 27. Bxf4 exf4 28. Qe2 Ne5 29. Rh3 Rxd3 30. Qxg4 hxg4 31. Rh5 f3+ 32. Kg1 Rd2 33. Rf5 Nd3 34. Rf1 Rxb2 35. Rd5 c4 36. Rxd6 Bxc3 37. Rg6+ Kf7 38. Rxg4 Bd4 39. Rg5 Bxf2+ 40. Kh1 Ke6 41. Rf5 Ne5 42. Kh2 c3 43. Kh3 c2 44. Rxf2 c1=Q 45. Rxb2 Qxb2 46. g4 Qg2+ 47. Kh4 Qxg4# 0-1


[Site "https://www.chess.com"]

[Event "Titled Tuesday Blitz December 13 Early 2022"]
[White "Samarth, J Rao"]
[Black "Gabdrakhmanov, Azat"]
[WhiteFideId "46652370"]
[BlackFideId "34189197"]
[WhiteElo "1564"]
[BlackElo "2254"]
[Result "0-1"]
[Round "01"]
[TimeControl "180+1"]
[Date "2022.12.14"]
[WhiteClock "0:00:02"]
[BlackClock "0:01:16"]

1. c4 c5 2. e3 Nf6 3. d4 e6 4. d5 exd5 5. cxd5 d6 6. Nc3 g6 7. Nf3 Bg7 8. Bc4 O-O 9. O-O a6 10. a4 Bg4 11. h3 Bxf3 12. Qxf3 Nbd7 13. Qe2 Re8 14. a5 Ne5 15. Bb3 b5 16. axb6 Qxb6 17. Ba4 Re7 18. f4 Ned7 19. Bc6 Ra7 20. Qc4 h6 21. Ra3 Qb4 22. Ra4 Qxc4 23. Rxc4 Nb6 24. b3 Nxc4 25. bxc4 Ng4 26. Nd1 Nf6 27. Nc3 Ne4 28. Na4 Nc3 29. Nxc3 Bxc3 30. Rf2 a5 31. Rc2 Bf6 32. Ba4 Reb7 33. Bb5 a4 34. Ra2 Bc3 35. Rxa4 Rxa4 36. Bxa4 Rb1 0-1


[Site "https://www.chess.com"]

[Event "Titled Tuesday Blitz December 13 Early 2022"]
[White "Santos Flores, Alberto"]
[Black "Jobava, Baadur"]
[WhiteFideId "3601234"]
[BlackFideId "13601520"]
[WhiteElo "2235"]
[BlackElo "2582"]
[Result "0-1"]
[Round "01"]
[TimeControl "180+1"]
[Date "2022.12.13"]
[WhiteClock "0:00:26"]
[BlackClock "0:01:35"]

1. d4 Nf6 2. Nf3 e6 3. c4 Bb4+ 4. Bd2 Bxd2+ 5. Nbxd2 O-O 6. g3 b6 7. Bg2 Bb7 8. Qc2 c5 9. O-O Nc6 10. dxc5 bxc5 11. Rfd1 Qe7 12. e3 Rab8 13. Ng5 Nb4 14. Qb1 Bxg2 15. Kxg2 d5 16. cxd5 exd5 17. Nb3 h6 18. Nf3 c4 19. Nbd4 Nd3 20. b3 Ne4 21. Rxd3 cxd3 22. Qxd3 Qf6 23. Rc1 Rbc8 24. Rxc8 Rxc8 25. Qb5 Rd8 26. Qa5 Qb6 27. Qxb6 axb6 28. a4 Rc8 29. Kf1 Rc1+ 30. Ke2 Rb1 31. Ne1 Kf8 32. Ng2 Rb2+ 0-1


[Site "https://www.chess.com"]

[Event "Titled Tuesday Blitz December 13 Early 2022"]
[White "Sarana, Alexey"]
[Black "Rodriguez Fontecha, Marcos"]
[WhiteFideId "24133795"]
[BlackFideId "2256576"]
[WhiteElo "2708"]
[BlackElo "2263"]
[Result "1-0"]
[Round "01"]
[TimeControl "180+1"]
[Date "2022.12.13"]
[WhiteClock "0:01:14"]
[BlackClock "0:00:06"]

1. d4 d5 2. c4 Nc6 3. cxd5 Qxd5 4. e3 e5 5. Nc3 Bb4 6. Bd2 Bxc3 7. bxc3 Nf6 8. Qb3 O-O 9. Nf3 exd4 10. Qxd5 Nxd5 11. cxd4 Re8 12. Bc4 Nb6 13. Bb3 a5 14. a4 Be6 15. Bxe6 Rxe6 16. Ke2 Nb4 17. Rhc1 c6 18. Ne5 N6d5 19. Rc5 f6 20. Nd3 Kf7 21. g3 Nxd3 22. Kxd3 b6 23. Rc4 b5 24. Rc5 b4 25. Rac1 Nb6 26. Rxc6 Rxc6 27. Rxc6 Nxa4 28. Kc2 Ke7 29. Kb3 Kd7 30. d5 Nc3 31. Bxc3 bxc3 32. Rxc3 a4+ 33. Ka3 Ra5 34. e4 f5 35. f3 fxe4 36. fxe4 Kd6 37. Rc6+ Kd7 38. Rb6 Kc7 39. Rb4 Rc5 40. Rxa4 Kd6 41. Ra6+ Ke5 42. Re6+ Kd4 43. d6 Rc8 44. d7 Rd8 45. Re7 g5 46. e5 Kd5 47. e6 1-0


[Site "https://www.chess.com"]

[Event "Titled Tuesday Blitz December 13 Early 2022"]
[White "Seo, Jung Min"]
[Black "Mika, Tomasz"]
[WhiteFideId "1734687"]
[BlackFideId "1132970"]
[WhiteElo "2457"]
[BlackElo "2179"]
[Result "0-1"]
[Round "01"]
[TimeControl "180+1"]
[Date "2022.12.14"]
[WhiteClock "0:00:56"]
[BlackClock "0:00:04"]

1. e4 c6 2. d4 d5 3. e5 c5 4. dxc5 e6 5. Nf3 Bxc5 6. Bd3 Nc6 7. O-O Nge7 8. Qe2 Ng6 9. c4 Nb4 10. cxd5 Nxd5 11. Be4 Bd7 12. Bxd5 exd5 13. Nc3 Bc6 14. e6 O-O 15. Rd1 Qf6 16. Nxd5 Qxe6 17. Qxe6 fxe6 18. Nc7 Rad8 19. Be3 Rxd1+ 20. Rxd1 Bxe3 21. fxe3 Bxf3 22. gxf3 Rxf3 23. Nxe6 Rxe3 24. Rd8+ Kf7 25. Ng5+ Kf6 26. Nxh7+ Kf5 27. Nf8 Nf4 28. Rd2 Kg4 29. Nd7 g5 30. Nf6+ Kh4 31. Nd5 Re1+ 32. Kf2 Rh1 33. Nxf4 gxf4 34. Kf3 Rf1+ 35. Kg2 Re1 36. h3 Kg5 37. Kf3 Re3+ 38. Kg2 Rg3+ 39. Kh2 Re3 40. Rg2+ Kf5 41. h4 f3 42. Rg8 Re2+ 43. Kg3 Rg2+ 0-1


[Site "https://www.chess.com"]

[Event "Titled Tuesday Blitz December 13 Early 2022"]
[White "Shapiro, Daniel"]
[Black "Seemann, Jakub"]
[WhiteFideId "2001780"]
[BlackFideId "21874697"]
[WhiteElo "2340"]
[BlackElo "2275"]
[Result "1-0"]
[Round "01"]
[TimeControl "180+1"]
[Date "2022.12.14"]
[WhiteClock "0:01:11"]
[BlackClock "0:00:45"]

1. d4 d5 2. c4 dxc4 3. e4 b5 4. a4 c6 5. b3 cxb3 6. axb5 cxb5 7. Bxb5+ Bd7 8. Qxb3 e6 9. Nf3 Nf6 10. Nc3 Bxb5 11. Qxb5+ Qd7 12. Ne5 Qxb5 13. Nxb5 Bb4+ 14. Ke2 O-O 15. Nc7 Nbd7 16. Nxa8 Rxa8 17. Nxd7 Nxd7 18. Bd2 Bd6 19. Ra6 Bb8 20. Rb1 Kf8 21. e5 Ke8 22. f4 Kd8 23. Ba5+ Ke8 24. Rb7 Ke7 25. Rc6 a6 26. Rc8 f6 27. Bd8+ 1-0


[Site "https://www.chess.com"]

[Event "Titled Tuesday Blitz December 13 Early 2022"]
[White "Shevtchenko, Olesya"]
[Black "Fernandez De La Vara, Arnaldo"]
[WhiteFideId "24131890"]
[BlackFideId "3518388"]
[WhiteElo "2003"]
[BlackElo "2387"]
[Result "1-0"]
[Round "01"]
[TimeControl "180+1"]
[Date "2022.12.14"]
[WhiteClock "0:00:38"]
[BlackClock "0:00:01"]

1. e4 c5 2. Nc3 e6 3. Nf3 a6 4. d4 cxd4 5. Nxd4 Qc7 6. Be3 Nf6 7. a3 d6 8. Be2 Nbd7 9. O-O b5 10. f4 Bb7 11. Bf3 Nc5 12. e5 dxe5 13. Bxb7 Nxb7 14. fxe5 Qxe5 15. Bf4 Qc5 16. Kh1 Rd8 17. Qf3 Qb6 18. Nc6 Rc8 19. Ne5 Bd6 20. Ne4 Nxe4 21. Be3 Qc7 22. Nxf7 Nf6 23. Nxh8 Kf8 24. Bg5 Be7 25. Qh3 Kg8 26. Ng6 hxg6 27. Qxe6+ Kh8 28. Rf3 Re8 29. Bxf6 Bxf6 30. Rh3+ 1-0


[Site "https://www.chess.com"]